 Dungeon Crawl Stone Soup version 0.20-a0-972-gb9bd3e6 (webtiles) character file.

8122 nikopol the Arsonist (level 11, -3/57 HPs)
             Began as a Deep Elf Fire Elementalist on Apr 9, 2017.
             Was an Elder of Vehumet.
             Splashed by a brown ugly thing's acid (6 damage)
             ... on level 9 of the Dungeon.
             The game lasted 01:22:38 (13214 turns).

nikopol the Arsonist (Deep Elf Fire Elementalist)  Turns: 13214, Time: 01:22:38

Health: -3/57      AC:  2    Str:  5    XL:     11   Next: 5%
Magic:  6/26       EV: 18    Int: 24    God:    Vehumet [****..]
Gold:   405        SH:  0    Dex: 15    Spells: 13/29 levels left

rFire    . . .     SeeInvis .   e - +2 dagger (speed)
rCold    . . .     Gourm    .   (no shield)
rNeg     . . .     Faith    .   a - +1 robe
rPois    +         Spirit   .   (no helmet)
rElec    .         Reflect  .   v - +1 cloak
rCorr    .         Harm     .   B - +0 pair of gloves
MR       +....                  (no boots)
Stlth    +++.......             r - amulet of magic regeneration
Regen    0.2/turn               q - ring of stealth
MPRegen  0.3/turn               E - ring of poison resistance

@: corroded
A: no striking features
a: Renounce Religion


You were on level 9 of the Dungeon.
You worshipped Vehumet.
Vehumet was greatly pleased with you.
You were hungry.

You visited 2 branches of the dungeon, and saw 10 of its levels.

You collected 470 gold pieces.
You spent 65 gold pieces at shops.

Inventory:

Hand Weapons
 e - a +2 dagger of speed (weapon)
Armour
 a - a +1 robe (worn)
 v - a +1 cloak (worn)
 B - a +0 pair of gloves (worn)
Jewellery
 q - a ring of stealth (left hand)
 r - an amulet of magic regeneration (around neck)
 E - a ring of poison resistance (right hand)
Wands
 A - a wand of disintegration (18/24)
 D - a wand of confusion (26/48)
 I - a wand of digging (14/24)
Scrolls
 p - a scroll of identify
 s - 3 scrolls of recharging
 t - a scroll of enchant armour
 z - 2 scrolls of teleportation
Potions
 f - 3 potions of ambrosia
 h - 2 potions of cancellation
 j - a potion of flight {unknown}
 m - 2 potions of haste
 n - a potion of invisibility {unknown}
 o - a potion of heal wounds
 u - 2 potions of brilliance
 w - 3 potions of lignification
 C - a potion of agility {unknown}
Books
 b - a book of Flames

   Spells                             Type                      Level
   a - Flame Tongue                   Conjuration/Fire             1
   b - Throw Flame                    Conjuration/Fire             2
   c - Conjure Flame                  Conjuration/Fire             3
   d - Inner Flame                    Hexes/Fire                   3
   e - Sticky Flame                   Conjuration/Fire             4
   f - Fireball                       Conjuration/Fire             5
 y - a book of Conjurations

   Spells                             Type                      Level
   a - Magic Dart                     Conjuration                  1
   b - Searing Ray                    Conjuration                  2
   c - Dazzling Spray                 Conjuration/Hexes            3
   d - Fulminant Prism                Conjuration/Hexes            4
   e - Force Lance                    Conjuration/Translocation    4
   f - Iskenderun's Mystic Blast      Conjuration                  4
Comestibles
 c - 3 bread rations
 d - 3 fruits
 g - 5 meat rations
 k - 3 royal jellies


   Skills:
 + Level 2.2 Fighting
 + Level 9.0 Dodging
 - Level 3.0 Stealth
 + Level 9.9 Spellcasting
 + Level 8.2 Conjurations
 * Level 11.8 Fire Magic
 + Level 3.2 Evocations


You had 13 spell levels left.
You knew the following spells:

 Your Spells              Type           Power        Failure   Level  Hunger
a - Flame Tongue          Conj/Fire      #####        1%          1    None
b - Throw Flame           Conj/Fire      ######       1%          2    None
c - Conjure Flame         Conj/Fire      ######..     1%          3    None
d - Fireball              Conj/Fire      ######....   1%          5    ####...
e - Shock                 Conj/Air       ####         1%          1    None
f - Iskenderun's Mystic   Conj           ######..     1%          4    #......


Dungeon Overview and Level Annotations

Branches:
Dungeon (9/15)             Temple (1/1) D:4
   Lair: D:8-11         Orc: D:9-12

Altars:
Ashenzari
Cheibriados
Dithmenos
Elyvilon
Fedhas
Gozag
Hepliaklqana
Kikubaaqudgha
Makhleb
Nemelex Xobeh
Okawaru
Qazlal
Ru
Sif Muna
Trog
Uskayaw
Vehumet
Wu Jian
Xom
Yredelemnul
Zin
The Shining One

Shops:
D:4 !   D:5 !   D:7 (

Annotations:
D:9 3 runed doors


Message History

Aim: a brown ugly thing (almost dead)
The flame tongue misses the brown ugly thing.
The brown ugly thing closely misses you.
Casting: Flame Tongue
Confirm with . or Enter, or press ? or * to list all spells.
Aiming: Flame Tongue
Press: ? - help, Shift-Dir - straight line, f/p - brown ugly thing
Aim: a brown ugly thing (severely wounded)
The flame tongue misses the brown ugly thing.
The brown ugly thing kicks you.
* * * LOW HITPOINT WARNING * * *
You are splashed with acid!
The acid burns!
* * * LOW HITPOINT WARNING * * *
You feel much better. The brown ugly thing kicks you!
You are splashed with acid!
The acid burns!
* * * LOW HITPOINT WARNING * * *
The brown ugly thing kicks you!
* * * LOW HITPOINT WARNING * * *
You are splashed with acid!
The acid burns!
You die...

#..............................
#....(.........................
#.##########...........######..
#),,,...)..............######..
*,,,,..........................
*),,,)................#######..
*,,,,.................#######..
*,,,,.........................)
*,,,,.........@................
*,,,,.........u...............)
*,***###.####.....8#...........
*,,,,....####......#####.......
*,,,,.............##***#.......
*,,,,.........###.#..,*#.......
*,,,,.........#p+.#._.*#..#####
*,,,,.........###.#...*#..*
*,,,,.............####**,,*


You could see a brown ugly thing and a neutral human.

Vanquished Creatures
  2 two-headed ogres (D:8)
  Psyche (D:9)
  A centaur skeleton (D:9)
  A hippogriff (D:7)
  6 yaks (D:9)
  Eustachio (D:4)
  A steam dragon (D:8)
  Edmund (D:5)
  Duvessa (D:5)
  4 sky beasts
  A phantom (D:8)
  5 orc warriors
  2 ice beasts
  6 ogres
  An eye of draining (D:9)
  2 centaurs (D:7)
  A big kobold (D:7)
  3 bullfrogs
  2 gnoll sergeants
  A wyvern zombie (D:9)
  Dowan (D:5)
  A water moccasin skeleton (D:6)
  4 scorpions
  12 killer bees
  3 howler monkeys
  4 wights (D:6)
  2 crimson imps (D:5)
  A human zombie (D:9)
  2 hounds
  Crazy Yiuf (D:5)
  3 orc priests
  A jelly (D:8)
  10 orc wizards
  A bullfrog skeleton (D:8)
  A human skeleton (D:9)
  6 iguanas
  4 worker ants
  A killer bee zombie (D:9)
  A hound zombie (D:5)
  2 howler monkey zombies
  14 gnolls
  11 adders
  A shadow imp (D:7)
  An ooze (D:1)
  An adder zombie (D:5)
  2 adder skeletons
  A worm (D:3)
  4 dart slugs
  5 leopard geckos
  35 orcs
  9 giant cockroaches
  7 goblins
  9 hobgoblins
  7 jackals
  2 quokkas
  2 ball pythons
  11 bats
  4 frilled lizards
  A goblin skeleton (D:9)
  A jackal skeleton (D:7)
  14 kobolds
  9 rats
255 creatures vanquished.

Vanquished Creatures (others)
  A quokka (D:2)
1 creature vanquished.

Grand Total: 256 creatures vanquished

Notes
Turn   | Place    | Note
-------+----------+-------------------------------------------
     0 | D:1      | nikopol the Deep Elf Fire Elementalist began the quest for the Orb.
     0 | D:1      | Reached XP level 1. HP: 10/10 MP: 6/6
   206 | D:1      | Reached XP level 2. HP: 10/15 MP: 1/8
   741 | D:1      | Reached XP level 3. HP: 19/19 MP: 7/9
  1353 | D:2      | Found a white marble altar of Elyvilon.
  1836 | D:2      | Found a shadowy altar of Dithmenos.
  1860 | D:2      | Reached XP level 4. HP: 24/24 MP: 8/11
  1954 | D:2      | Reached skill level 4 in Fire Magic
  1958 | D:2      | Learned a level 2 spell: Throw Flame
  1962 | D:2      | Learned a level 3 spell: Conjure Flame
  3218 | D:3      | Reached XP level 5. HP: 26/28 MP: 11/13
  3312 | D:3      | Found an iron altar of Okawaru.
  3543 | D:4      | Noticed an ogre
  3549 | D:4      | Killed an ogre
  3549 | D:4      | Reached skill level 5 in Fire Magic
  3549 | D:4      | Reached XP level 6. HP: 32/32 MP: 7/14
  3556 | D:4      | Learned a level 5 spell: Fireball
  3689 | D:4      | Found a staircase to the Ecumenical Temple.
  3704 | Temple   | Entered the Ecumenical Temple
  3756 | Temple   | Became a worshipper of Vehumet
  4093 | D:4      | Found Fuon's Distillery.
  4101 | D:4      | Bought a potion of heal wounds for 65 gold pieces
  4267 | D:4      | Noticed Eustachio
  4552 | D:4      | Reached skill level 5 in Spellcasting
  4624 | D:4      | Found a blossoming altar of Fedhas.
  4982 | D:4      | Killed Eustachio
  4982 | D:4      | Reached skill level 6 in Fire Magic
  4982 | D:4      | Reached XP level 7. HP: 35/36 MP: 12/17
  5146 | D:5      | Entered Level 5 of the Dungeon
  5191 | D:5      | Found Coixeegred's Distillery.
  5193 | D:5      | Noticed Dowan
  5194 | D:5      | Noticed Duvessa
  5997 | D:5      | Noticed Edmund
  6036 | D:5      | Killed Edmund
  6036 | D:5      | Reached skill level 5 in Dodging
  6116 | D:5      | Killed Duvessa
  6121 | D:5      | Killed Dowan
  6190 | D:5      | Reached * piety under Vehumet
  6190 | D:5      | Offered knowledge of Shock by Vehumet.
  6270 | D:5      | Reached skill level 7 in Fire Magic
  6288 | D:5      | Reached XP level 8. HP: 30/41 MP: 7/19
  6295 | D:5      | Found an ancient bone altar of Kikubaaqudgha.
  6445 | D:5      | Found a runed door.
  6449 | D:5      | Noticed Crazy Yiuf
  6451 | D:5      | Killed Crazy Yiuf
  6596 | D:5      | Found an opulent altar of Gozag.
  6694 | D:5      | Found a burning altar of Makhleb.
  6707 | D:5      | Learned a level 1 spell: Shock
  6992 | D:6      | Reached skill level 5 in Conjurations
  7310 | D:6      | Reached skill level 8 in Fire Magic
  7650 | D:6      | You fall through a shaft!
  7668 | D:7      | Offered knowledge of Sandblast by Vehumet.
  7697 | D:7      | Reached ** piety under Vehumet
  8221 | D:7      | Noticed a hippogriff
  8234 | D:7      | Killed a hippogriff
  8234 | D:7      | Reached XP level 9. HP: 22/45 MP: 9/22
  8483 | D:7      | Reached skill level 9 in Fire Magic
  8664 | D:7      | Found Vafetoq's Weapon Boutique.
  8716 | D:7      | Learned a level 4 spell: Iskenderun's Mystic Blast
  9399 | D:8      | Noticed a two-headed ogre
  9409 | D:7      | Offered knowledge of Static Discharge by Vehumet.
  9641 | D:8      | Killed a two-headed ogre
  9641 | D:8      | Reached skill level 10 in Fire Magic
 10059 | D:8      | Reached XP level 10. HP: 50/50 MP: 13/24
 10282 | D:8      | Reached *** piety under Vehumet
 10289 | D:8      | Found a snail-covered altar of Cheibriados.
 10314 | D:8      | Noticed a two-headed ogre
 10330 | D:8      | Killed a two-headed ogre
 10475 | D:8      | Reached skill level 11 in Fire Magic
 10747 | D:8      | Reached skill level 1 in Fighting
 10747 | D:8      | Reached skill level 1 in Evocations
 12025 | D:9      | Found a glowing golden altar of the Shining One.
 12064 | D:9      | Offered knowledge of Ignite Poison by Vehumet.
 12076 | D:9      | Found a runed door.
 12080 | D:9      | Found a basalt altar of Yredelemnul.
 12131 | D:9      | Noticed Psyche
 12135 | D:9      | Killed Psyche
 12647 | D:9      | Reached XP level 11. HP: 57/57 MP: 19/26
 12702 | D:9      | Reached **** piety under Vehumet
 12728 | D:9      | Found a hide-covered altar of Uskayaw.
 12852 | D:9      | Found a runed door.
 12852 | D:9      | Noticed a four-headed hydra
 12852 | D:9      | Noticed a glowing orange brain
 12852 | D:9      | Noticed a deep elf knight
 12863 | D:9      | Noticed a centaur warrior
 12863 | D:9      | Noticed a sphinx
 12997 | D:9      | Noticed a fire giant
 12997 | D:9      | Noticed a fire dragon
 12997 | D:9      | Noticed a glowing orange brain
 12997 | D:9      | a manticore changed into a glowing orange brain
 13155 | D:9      | Found a glowing golden altar of the Shining One.
 13186 | D:9      | Found a runed door.
 13188 | D:9      | Found a basalt altar of Yredelemnul.
 13199 | D:9      | Noticed a brown ugly thing
 13214 | D:9      | Splashed by a brown ugly thing's acid

Vault maps used:
D:1:      ncdulo_smallfort
D:2:      elyvilon_altar_4, grunt_dithmenos_smoke_and_mirrors, eino_tiny_chamber
D:3:      okawaru_altar_gauntlet_db
D:4:      lemuel_round_altar, minmay_temple_entry_overgrown, first_bread,
          serial_shops, shop, uniq_eustachio
D:5:      kennysheep_mini, marbit_many_paths, kiku_gazebo_pond_becter,
          serial_corexii_hall, corexii_hall_statues_s, corexii_hall_statues_l,
          serial_shops, shop, uniq_duvessa, uniq_edmund, uniq_crazy_yiuf_cottage
D:7:      serial_shops, nicolae_shop_trees, st_stairs_6
D:8:      kennysheep_little_box, serial_co_window_serial, co_window_corner_a,
          co_window_of_opportunity_a, co_window_corner_a, co_window_corner_a,
          co_window_of_opportunity_a, co_window_corner_ca, co_window_corner_b,
          co_window_corner_b
D:9:      minmay_gate_of_8, old_standard_altar, nicolae_overflow_hidden_temple,
          dk_yredelemnul_ordeal, uniq_psyche
Temple:   minmay_temple_bridge_abc

Skill      XL: |  1  2  3  4  5  6  7  8  9 10 |
---------------+-------------------------------+-----
Dodging        | 3 4 5 6 8 9 |  9.0
Conjurations   | 2 3 4 6 7 8 |  8.2
Stealth        | 3 |  3.0
Fire Magic     | 4 5 6 7 8 10 11 | 11.8
Spellcasting   | 4 5 6 7 8 9 |  9.9
Fighting       | 2 |  2.2
Evocations     | 3 |  3.2

Action                   |  1- 3 |  4- 6 |  7- 9 | 10-12 || total
-------------------------+-------+-------+-------+-------++-------
Melee: Dagger            |       |     9 |   169 |       ||   178
 Cast: Flame Tongue      |    74 |   146 |   256 |   136 ||   612
       Conjure Flame     |       |     2 |     9 |     3 ||    14
       Throw Flame       |       |    10 |    43 |    39 ||    92
       Shock             |       |       |    33 |       ||    33
       Fireball          |       |       |     8 |    24 ||    32
  Use: Scroll            |       |    12 |     4 |     5 ||    21
       Potion            |       |       |       |     2 ||     2
  Eat: Chunk             |     3 |     9 |    16 |    11 ||    39
       Fruit             |       |       |     2 |     2 ||     4
Armor: Robe              |     5 |    16 |    45 |    11 ||    77
Dodge: Dodged            |    27 |    69 |   163 |    50 ||   309
